 Dungeon Crawl Stone Soup version 0.22.1-2-g9c5b331 (webtiles) character file.

508 whitewolfNL the Cudgeler (level 6, -14/53 HPs)
             Began as a Minotaur Berserker on Dec 2, 2018.
             Was a Priest of Trog.
             Killed from afar by kalagan's ghost (22 damage)
             ... with a stone arrow
             ... on level 4 of the Dungeon.
             The game lasted 00:14:52 (4991 turns).

whitewolfNL the Cudgeler (Minotaur Berserker)       Turns: 4991, Time: 00:14:54

Health: -14/53     AC: 10    Str: 22    XL:     6   Next: 98%
Magic:  0/5        EV:  9    Int:  6    God:    Trog [***...]
Gold:   203        SH:  0    Dex:  9    Spells: 5/5 levels left

rFire    . . .     SeeInvis .   b - -3 whip (curse)
rCold    . . .     Gourm    .   (no shield)
rNeg     . . .     Faith    .   r - +0 chain mail
rPois    .         Spirit   +   (helmet restricted)
rElec    .         Reflect  .   u - scarf {Spirit}
rCorr    .         Harm     .   (no gloves)
MR       .....     Rnd*Tele +   (no boots)
Stlth    ..........             f - amulet of inaccuracy (curse)
HPRegen  0.17/turn              p - ring of teleportation (curse)
MPRegen  0.09/turn              D - ring of flight

@: berserk cooldown, slowed, very slow
A: retaliatory headbutt, horns 2
a: Berserk, Trog's Hand, Renounce Religion, Evoke Flight


You were on level 4 of the Dungeon.
You worshipped Trog.
Trog was most pleased with you.
You were not hungry.

You visited 1 branch of the dungeon, and saw 4 of its levels.

You collected 203 gold pieces.

Inventory:

Hand Weapons
 a - a +0 mace
 b - a cursed -3 whip (weapon)
 d - a +0 hunting sling
 s - a +0 spear of venom
 y - a +1 flail of draining
Missiles
 n - 28 sling bullets
 o - 14 arrows
Armour
 r - a +0 chain mail (worn)
 u - a scarf of spirit shield (worn)
Jewellery
 f - a cursed amulet of inaccuracy (around neck)
 g - an uncursed ring of fire
 m - an uncursed ring of ice
 p - a cursed ring of teleportation (left hand)
 t - an uncursed ring of flight
 D - a ring of flight (right hand)
Scrolls
 q - 5 scrolls of identify
Potions
 e - a potion of heal wounds {unknown}
 h - 4 potions of curing
 i - a potion of flight {unknown}
 j - a potion of degeneration {unknown}
 v - 2 potions of mutation {unknown}
 w - a potion of lignification {unknown}
 x - a potion of agility {unknown}
 B - a potion of brilliance {unknown}
 C - a potion of magic {unknown}
Comestibles
 c - 7 rations


   Skills:
 + Level 4.5 Fighting
 * Level 5.6 Maces & Flails
 * Level 5.6 Armour
 * Level 4.1 Dodging
 * Level 1.9 Stealth


You had 5 spell levels left.
You didn't know any spells.
Your spell library was empty.

Dungeon Overview and Level Annotations

Branches:
Dungeon (4/15)
 Temple: D:4-7

Altars:
Dithmenos
Trog
Yredelemnul

Annotations:
D:4 1 transporter, kalagan's ghost, amateur DEEE


Innate Abilities, Weirdness & Mutations

You reflexively headbutt those who attack you in melee.
You have a pair of horns on your head.


Message History

You headbutt kalagan's ghost.
Things that are here:
a giant spiked club; an ogre corpse; a quokka corpse
* * * LOW HITPOINT WARNING * * *
You feel very sick.
Kalagan's ghost hits you but does no damage.
You are more poisoned.
Kalagan's ghost closely misses you.
* * * LOW HITPOINT WARNING * * *
You feel very sick.
There is a transporter landing site here.
You can't go down here!
You can't go up here!
You feel better.
Kalagan's ghost gestures at you while chanting.
The blast of sand hits you!
* * * LOW HITPOINT WARNING * * *
Kalagan's ghost casts a spell at you. The stone arrow hits you!
You die...

##..###.##.# #.##
#####...###..#.####.#
##.....©.....[..#....# #
#..#########...(.....# #
#.##8.....8##.#.###..###
#.#.........#...# #..#..
#.#....)....#..## #[.#.#
#.#....W....#.## ###....
#.#....@...$#.# #...###
#.#.........#.####.#<##
#.#.........#.#.[..#..##
#.#!.......©#.#.####....
#.##8.?$$.8##.#.# #....
#..#########?.#.# #....
##.....©.....#..# #....
#####...###...## #....
##.#..>..## #####


You could see kalagan's ghost.

Vanquished Creatures
  An ogre (D:4)
  A howler monkey (D:4)
  2 orc priests (D:4)
  A hound (D:4)
  An iguana (D:4)
  3 orc wizards
  2 worker ants (D:4)
  4 adders
  3 worms
  3 dart slugs
  2 leopard geckos
  5 orcs
  3 ball pythons
  4 giant cockroaches
  9 goblins
  8 hobgoblins
  18 jackals
  4 kobolds
  4 quokkas
  6 bats
  3 frilled lizards
  8 rats
95 creatures vanquished.

Notes
Turn   | Place    | Note
-------+----------+-------------------------------------------
     0 | D:1      | whitewolfNL the Minotaur Berserker began the quest for the
                  | Orb.
     0 | D:1      | Reached XP level 1. HP: 19/19 MP: 0/0
   134 | D:1      | Reached XP level 2. HP: 17/27 MP: 1/1
   738 | D:1      | Reached XP level 3. HP: 33/33 MP: 2/2
   791 | D:1      | Reached ** piety under Trog
  1162 | D:2      | Found a basalt altar of Yredelemnul.
  1514 | D:2      | Reached XP level 4. HP: 40/40 MP: 3/3
  2379 | D:3      | Reached skill level 5 in Maces & Flails
  2628 | D:3      | Reached *** piety under Trog
  2628 | D:3      | Reached skill level 1 in Stealth
  3348 | D:3      | Reached XP level 5. HP: 46/46 MP: 4/4
  3723 | D:4      | Reached XP level 6. HP: 36/52 MP: 5/5
  4163 | D:4      | Reached skill level 5 in Armour
  4657 | D:4      | Found a transporter.
  4659 | D:4      | Noticed kalagan's ghost (amateur DEEE)
  4662 | D:4      | Found a transporter.
  4868 | D:4      | Found a shadowy altar of Dithmenos.
  4907 | D:4      | Found a bloodstained altar of Trog.
  4990 | D:4      | HP: 1/53 [poisoned by kalagan's ghost]
  4991 | D:4      | Killed from afar by kalagan's ghost

Skill      XL: |  1  2  3  4  5  6 |
---------------+-------------------+-----
Maces & Flails | 4 5 |  5.6
Fighting       | 4 |  4.5
Armour         | 3 4 5 |  5.6
Dodging        | 3 4 |  4.1
Stealth        | 1 |  1.9

Action                   |  1- 3 |  4- 6 || total
-------------------------+-------+-------++-------
Melee: Mace              |    56 |       ||    56
       Headbutt          |    11 |    30 ||    41
       Whip              |    51 |   228 ||   279
Invok: Berserk           |     4 |     9 ||    13
  Use: Scroll            |     1 |     5 ||     6
       Potion            |       |     3 ||     3
  Eat: Chunk             |     5 |     8 ||    13
       Ration            |       |     4 ||     4
Armor: Animal skin       |    19 |       ||    19
       Ring mail         |    28 |    71 ||    99
       Chain mail        |       |     8 ||     8
Dodge: Dodged            |    78 |   132 ||   210
